 Dungeon Crawl Stone Soup version 0.29.1-1-gd02db69 (webtiles) character file.

Game seed: 17184184160618696923

5264 Timinator the Insei (level 10, -15/81 HPs)
             Began as a Demigod Transmuter on Dec 21, 2022.
             Demolished by an orc warrior
             ... wielding a +0 scimitar
              (18 damage)
             ... on level 9 of the Dungeon.
             The game lasted 00:32:20 (11838 turns).

Timinator the Insei (Demigod Transmuter)           Turns: 11838, Time: 00:32:21

Health: -15/81     AC:  5    Str: 15    XL:     10   Next: 14%
Magic:  20/21      EV: 17    Int: 15    God:
Gold:   535        SH:  0    Dex: 22    Spells: 16/19 levels left

rFire   . . .      SeeInvis .     - Unarmed
rCold   . . .      Faith    .   (no shield)
rNeg    . . .      Spirit   .   f - +0 steam dragon scales
rPois   .          Reflect  .   (helmet currently unavailable)
rElec   .          Harm     .   (no cloak)
rCorr   .          Rampage  .   (no gloves)
Will    +....                   (boots currently unavailable)
Stlth   ++........              (no amulet)
HPRegen 0.23/turn               j - ring of flight
MPRegen 0.17/turn               l - ring of wizardry

@: appendages, flying
A: horns 2, talons 2, high MP 1, forlorn, divine attributes
a: End Transformation


You were on level 9 of the Dungeon.
You had temporarily grown beastly horns and talons.
You visited 1 branch of the dungeon, and saw 9 of its levels.

You collected 535 gold pieces.

Inventory:

Missiles
 o - 6 silver javelins
 s - a throwing net
 v - 4 javelins
Armour
 c - an orb of energy
 f - +0 steam dragon scales (worn)
Jewellery
 j - a ring of flight (left hand)
 l - a ring of wizardry (right hand)
Wands
 t - a wand of iceblast (8)
Scrolls
 a - a scroll of enchant armour {unknown}
 e - 4 scrolls of torment {unknown}
 g - 2 scrolls of amnesia {unknown}
 h - 2 scrolls of enchant weapon
 k - 5 scrolls of noise
 m - a scroll of fog {unknown}
 n - a scroll of fear {unknown}
 p - 3 scrolls of magic mapping {unknown}
 r - 4 scrolls of teleportation
Potions
 b - 2 potions of attraction
 i - a potion of resistance
 q - 2 potions of flight
 u - a potion of brilliance


   Skills:
 * Level 5.4 Fighting
 - Level 3.0 Armour
 * Level 6.5 Dodging
 + Level 7.5 Unarmed Combat
 + Level 5.1 Spellcasting
 * Level 6.8 Transmutations


You had 16 spell levels left.
You knew the following spells:

 Your Spells              Type           Power      Damage    Failure   Level
a - Beastly Appendage     Tmut           48%        N/A       1%          1
b - Wereblood             Tmut           24%        N/A       1%          2

Your spell library contained the following spells:

 Spells                   Type           Power      Damage    Failure   Level
 Spider Form              Tmut/Pois      14%        N/A       4%          3
 Blade Hands              Tmut           12%        N/A       11%         5
 Ice Form                 Ice/Tmut       14%        N/A       16%         4
 Portal Projectile        Hex/Tloc       6%         N/A       19%         3
 Tukima's Dance           Hex            3%         N/A       19%         3
 Summon Forest            Summ/Tloc      1%         N/A       85%         5
 Summon Mana Viper        Hex/Summ       3%         N/A       85%         5
 Summon Cactus Giant      Summ           1%         N/A       100%        6


Dungeon Overview and Level Annotations

Branches:
Dungeon (9/15)             Temple (0/1) D:7
   Lair: D:8-11         Orc: D:9-12


Innate Abilities, Weirdness & Mutations

You have temporarily grown beastly horns and talons.
You have an increased reservoir of magic. (+10% MP)
You shall have no god before yourself.
Your divine heritage dramatically boosts your attributes as you level up.


Message History

The orc priest calls upon Beogh to heal the orc warrior.
The orc warrior is healed somewhat.
You hear an angry hiss.
You barely miss the orc warrior. Your kick misses the orc warrior.
The orc warrior is lightly wounded.
The orc warrior closely misses you.
You hit the orc warrior. You punch the orc warrior.
The orc warrior is moderately wounded.
Your surroundings suddenly seem different.
Found a stone staircase leading down.
There is a stone staircase leading down here.
You start resting.
Your transformation is almost over.
Your horns disappear.
Your talons disappear.
An orc warrior is nearby!
The orc warrior hits you with a +0 scimitar!
* * * LOW HITPOINT WARNING * * *
You fly downwards.
There is a stone staircase leading up here.
Casting: Beastly Appendage (safe; 1% risk of failure)
Confirm with . or Enter, or press ? or * to list all spells.
You grow a pair of large bovine horns.
Your feet morph into talons.
The orc warrior hits you with a +0 scimitar!
* * * LOW HITPOINT WARNING * * *
Okay, then.
Okay, then.
You hit the orc warrior. Your kick misses the orc warrior.
The orc warrior is lightly wounded.
The orc warrior closely misses you.
You hit the orc warrior but do no damage.
You headbutt the orc warrior, but do no damage.
The orc warrior is lightly wounded.
You hit the orc warrior.
You headbutt the orc warrior, but do no damage.
The orc warrior is moderately wounded.
The orc warrior barely misses you.
You closely miss the orc warrior.
The orc warrior is moderately wounded.
The orc warrior hits you with a +0 scimitar!!
You die...

########
#......#
#o@....#
+......#
#......#
#......#
#......#
####+###


You could see an orc warrior.

Vanquished Creatures
  A two-headed ogre (D:7)
  Pikel (D:5)
  Joseph (D:8)
  Psyche (D:8)
  Grinder (D:4)
  5 yaks
  2 steam dragons (D:6)
  A water moccasin (D:5)
  2 sky beasts
  2 black bears
  A centaur (D:7)
  4 ogres (D:6)
  2 kobold brigands (D:7)
  4 lemures (D:5)
  A phantom (D:5)
  2 bullfrogs
  2 necrophages
  3 scorpions
  2 howler monkeys
  3 jellies
  2 orc priests
  3 hounds
  A gnoll bouda (D:4)
  Jessica (D:3)
  5 iguanas
  Ijyb (D:3)
  Natasha (thrice) (D:3)
  3 orc wizards
  Terence (D:3)
  Robin (D:3)
  10 gnolls (D:4)
  5 adders
  A worm (D:3)
  3 dart slugs
  17 orcs
  3 ball pythons
  10 endoplasms
  4 giant cockroaches
  8 hobgoblins
  6 jackals
  A quokka (D:1)
  12 bats
  6 frilled lizards
  19 goblins
  21 kobolds
  6 rats
194 creatures vanquished.

Vanquished Creatures (others)
  7 fungi (D:5)
  5 plants (D:5)
12 creatures vanquished.

Grand Total: 206 creatures vanquished

Notes
Turn   | Place    | Note
-------+----------+-------------------------------------------
     0 | D:1      | Timinator the Demigod Transmuter began the quest for the
                  | Orb.
     0 | D:1      | Reached XP level 1. HP: 15/15 MP: 5/5
   101 | D:1      | Reached skill level 1 in Fighting
   469 | D:1      | Reached XP level 2. HP: 22/23 MP: 5/7
   714 | D:1      | Learned a level 2 spell: Wereblood
   951 | D:1      | Reached skill level 3 in Unarmed Combat
  1427 | D:2      | Reached XP level 3. HP: 28/28 MP: 5/8
  1910 | D:2      | Reached skill level 1 in Armour
  2242 | D:3      | Noticed Natasha
  2250 | D:3      | Killed Natasha
  2251 | D:3      | Reached XP level 4. HP: 28/35 MP: 7/9
  2649 | D:3      | Noticed Robin
  2674 | D:3      | Killed Robin
  2840 | D:3      | Noticed Natasha
  2849 | D:3      | Killed Natasha
  2853 | D:3      | Noticed Natasha
  2863 | D:3      | Killed Natasha
  2864 | D:3      | Reached XP level 5. HP: 14/41 MP: 9/11
  3192 | D:3      | Noticed Jessica
  3217 | D:3      | Killed Jessica
  3570 | D:3      | Noticed Terence
  3582 | D:3      | Killed Terence
  3719 | D:3      | Reached XP level 6. HP: 40/48 MP: 10/12
  3841 | D:3      | Noticed Ijyb
  3870 | D:3      | Killed Ijyb
  4104 | D:4      | Noticed Grinder
  4132 | D:4      | Killed Grinder
  4133 | D:4      | Reached skill level 4 in Unarmed Combat
  4179 | D:4      | Identified the +2 whip of Quantum Leap {vorpal, rF++ Int+3}
  4366 | D:4      | Reached XP level 7. HP: 46/56 MP: 14/14
  5827 | D:5      | Entered Level 5 of the Dungeon
  6627 | D:5      | Reached XP level 8. HP: 50/63 MP: 14/16
  6731 | D:5      | Reached skill level 5 in Unarmed Combat
  7159 | D:6      | Noticed Pikel
  7826 | D:5      | Killed Pikel
  7827 | D:5      | Reached skill level 5 in Transmutations
  8350 | D:6      | Reached skill level 5 in Dodging
  8812 | D:6      | Reached XP level 9. HP: 25/71 MP: 16/18
  9124 | D:6      | Reached skill level 6 in Unarmed Combat
  9704 | D:7      | Noticed a two-headed ogre
  9716 | D:7      | Killed a two-headed ogre
  9724 | D:7      | Reached skill level 5 in Fighting
 10475 | D:7      | Found a staircase to the Ecumenical Temple.
 10699 | D:7      | Reached skill level 7 in Unarmed Combat
 11228 | D:7      | Reached XP level 10. HP: 81/81 MP: 17/21
 11266 | D:8      | Noticed Joseph
 11643 | D:8      | Killed Joseph
 11644 | D:8      | Reached skill level 5 in Spellcasting
 11775 | D:8      | Noticed Psyche
 11788 | D:8      | Killed Psyche
 11834 | D:9      | HP: 2/81 [orc warrior/+0 scimitar (9)]
 11838 | D:9      | Demolished by an orc warrior

Illustrated notes

Levels and vault maps discovered:
D:1:      minmay_arrival_loop, layout_basic, shapermc_ecumenical_altar_pompeii,
          nrook_mini_backslash, grunt_decor_fettered, minmay_liquid_box,
          minmay_tetromino_i4
D:2:      layout_loops_ring, grunt_ministairs_15, palyth_stone_intersect
D:3:      kennysheep_goblin_castle, layout_basic, hangedman_decor_lopped,
          uniq_ijyb, uniq_terence, uniq_jessica, uniq_natasha
D:4:      layout_layer_cave, grunt_decor_resistance, uniq_grinder
D:5:      old_forge, layout_cave_pools, mainiacjoe_overflow_alcove_4,
          mainiacjoe_overflow_paths
D:6:      layout_gridville, kennysheep_mini, nicolae_dithmenos_shadow_blocks,
          uniq_pikel
D:7:      layout_gridville, minmay_temple_entry_nine_rooms
D:8:      layout_loops_ring, nicolae_sif_muna_condensation, uniq_erica,
          uniq_joseph, uniq_gastronok, uniq_psyche, uniq_maurice
D:9:      layout_roguey, lemuel_mausoleum_altar_yredelemnul,
          grunt_gozag_statues, vehumet_statue

Skill      XL: |  1  2  3  4  5  6  7  8  9 10 |
---------------+-------------------------------+-----
Fighting       | 1 2 3 4 5 |  5.4
Transmutations | 2 3 4 5 6 |  6.8
Unarmed Combat | 3 4 5 7 |  7.5
Spellcasting   | 2 3 4 5 |  5.1
Dodging        | 2 3 5 6 |  6.5
Armour         | 1 2 3 |  3.0

Action                   |  1- 3 |  4- 6 |  7- 9 | 10-12 || total
-------------------------+-------+-------+-------+-------++-------
Melee: Unarmed           |   124 |   142 |   412 |    49 ||   727
       Kick              |    19 |    28 |   117 |    13 ||   177
       Headbutt          |    18 |    21 |    68 |     9 ||   116
       Punch             |     3 |     6 |    15 |     1 ||    25
 Cast: Beastly Appendage |    27 |    17 |    51 |     4 ||    99
       Wereblood         |     3 |     7 |    22 |     2 ||    34
Evoke: Wand              |       |       |     1 |       ||     1
  Use: Potion            |       |     1 |    12 |     2 ||    15
       Scroll            |       |       |     9 |     2 ||    11
 Stab: Confused          |       |     1 |       |       ||     1
       Sleeping          |       |     1 |       |       ||     1
Armor: Robe              |     9 |    10 |    40 |       ||    59
       Leather armour    |    10 |    15 |       |       ||    25
       Skin              |       |     5 |    25 |       ||    30
       Ring mail         |       |       |     5 |       ||     5
       Steam dragon scal |       |       |    15 |     1 ||    16
Dodge: Dodged            |    60 |    72 |   311 |    28 ||   471
